 Dungeon Crawl Stone Soup version 0.25-a0-782-g655279ceaa (webtiles) character file.

Game seed: 17044084366234239838, levelgen mode: deterministic

5903 vishdafish the Magician (level 10, -2/79 HPs)
             Began as a Gnoll Skald on Apr 17, 2020.
             Was an Initiate of Gozag.
             Killed from afar by an orc wizard (9 damage)
             ... with a magic dart
             ... on level 10 of the Dungeon.
             The game lasted 00:18:02 (11178 turns).

vishdafish the Magician (Gnoll Skald)              Turns: 11178, Time: 00:18:03

Health: -2/79      AC:  8    Str: 16    XL:     10   Next: 82%
Magic:  21/21      EV: 15    Int: 16    God:    Gozag
Gold:   841        SH:  6    Dex: 15    Spells: 16/24 levels left

rFire    . . .     SeeInvis .   t - +2 short sword (venom)
rCold    . . .     Gourm    .   O - +1 buckler of Esomoull {Stlth+}
rNeg     . . .     Faith    .   m - +0 ring mail
rPois    .         Spirit   .   (no helmet)
rElec    .         Reflect  .   (no cloak)
rCorr    .         Harm     .   o - +0 pair of gloves
MR       +....                  l - +0 pair of boots
Stlth    +++.......             (no amulet)
HPRegen  0.23/turn              (no ring)
MPRegen  0.17/turn              (no ring)

@: lethally poisoned (-2 -> -2)
A: distributed training, fangs 1, blurry vision 1, magic resistance 1, wild
magic 1, strong nose
a: Potion Petition, Call Merchant, Bribe Branch, Renounce Religion


You were on level 10 of the Dungeon.
You worshipped Gozag.
Gozag was pleased with you.
You were not hungry.

You visited 1 branch of the dungeon, and saw 10 of its levels.

You collected 1637 gold pieces.
You spent 770 gold pieces at shops.
You paid 26 gold pieces to Gozag.

Inventory:

Hand Weapons
 a - a +0 falchion
 s - a +0 short sword of speed
 t - a +2 short sword of venom (weapon)
 z - a +3 short sword of freezing
Missiles
 F - 5 curare-tipped darts (quivered)
Armour
 b - a +0 leather armour
 h - a +0 scale mail
 l - a +0 pair of boots (worn)
 m - a +0 ring mail (worn)
 o - a +0 pair of gloves (worn)
 O - the +1 buckler of Esomoull (worn) {Stlth+}
   (You found it on level 8 of the Dungeon)

   It makes you more stealthy.
Jewellery
 p - an uncursed amulet of inaccuracy
Wands
 i - a wand of random effects (22)
 C - a wand of iceblast (8)
 I - a wand of disintegration (30)
 K - a wand of acid (14)
 L - a wand of enslavement (5)
 M - a wand of polymorph (16)
 N - a wand of paralysis (6)
 P - a wand of digging (4)
Scrolls
 e - 2 scrolls of summoning {unknown}
 f - 4 scrolls of teleportation
 k - 4 scrolls of enchant weapon
 n - a scroll of fog {unknown}
 w - 4 scrolls of remove curse
 y - 2 scrolls of immolation {unknown}
 B - 2 scrolls of amnesia {unknown}
 D - a scroll of fear
 G - a scroll of magic mapping {unknown}
 H - a scroll of enchant armour {unknown}
Potions
 c - 3 potions of cancellation
 g - 2 potions of ambrosia
 j - a potion of might
 q - 3 potions of haste
 r - 6 potions of curing
 u - a potion of stabbing
 v - 2 potions of degeneration {unknown}
 x - 2 potions of flight
 A - a potion of berserk rage {unknown}
 E - a potion of brilliance {unknown}
 J - a potion of magic {unknown}
 R - a potion of heal wounds {unknown}
Miscellaneous
 Q - a phial of floods (inert)
Comestibles
 d - 13 rations


   Skills:
 + Level 7.3 Fighting
 + Level 5.5 Short Blades
 + Level 7.3 Long Blades
 + Level 5.5 Axes
 + Level 5.5 Maces & Flails
 + Level 5.5 Polearms
 + Level 5.5 Staves
 + Level 5.5 Slings
 + Level 5.5 Bows
 + Level 5.5 Crossbows
 + Level 5.5 Throwing
 + Level 6.2 Armour
 + Level 7.3 Dodging
 + Level 5.5 Stealth
 + Level 5.5 Shields
 + Level 5.5 Unarmed Combat
 + Level 7.5 Spellcasting
 + Level 4.5 Conjurations
 + Level 4.5 Hexes
 + Level 7.2 Charms
 + Level 4.5 Summonings
 + Level 4.5 Necromancy
 + Level 4.5 Translocations
 + Level 4.5 Transmutations
 + Level 4.5 Fire Magic
 + Level 4.5 Ice Magic
 + Level 4.5 Air Magic
 + Level 4.5 Earth Magic
 + Level 4.5 Poison Magic
 + Level 6.1 Invocations
 + Level 5.5 Evocations


You had 16 spell levels left.
You knew the following spells:

 Your Spells              Type           Power        Failure   Level  Hunger
a - Infusion              Chrm           ####         2%          1    None
b - Song of Slaying       Chrm           #####...     3%          2    None
c - Shroud of Golubria    Chrm/Tloc      ####..       4%          2    None
d - Mephitic Cloud        Conj/Pois/Air  ####....     14%         3    ##.....

Your spell library contained the following spells:

 Spells                   Type           Power        Failure   Level  Hunger
 Beastly Appendage        Tmut           ####..       5%          1    None
 Magic Dart               Conj           ####         5%          1    None
 Blink                    Tloc           N/A          8%          2    None
 Call Imp                 Summ           ####....     8%          2    None
 Slow                     Hex            ####....     8%          2    None
 Sticks to Snakes         Tmut           ####....     8%          2    None
 Ozocubu's Armour         Chrm/Ice       ####....     9%          3    ##.....
 Spectral Weapon          Hex/Chrm       ####....     9%          3    ##.....
 Conjure Flame            Conj/Fire      ####....     14%         3    ##.....
 Spider Form              Tmut/Pois      ####......   14%         3    ##.....
 Ice Form                 Ice/Tmut       ####....     38%         4    ####...
 Blade Hands              Tmut           ####......   73%         5    #####..


Dungeon Overview and Level Annotations

Branches:
Dungeon (10/15)            Temple (0/1) D:7            Lair (0/6) D:9
    Orc: D:9-12

Altars:
Elyvilon
Fedhas
Gozag
Hepliaklqana
Nemelex Xobeh
Okawaru
Qazlal
Ru
Sif Muna
Wu Jian
Xom
Yredelemnul
The Shining One

Shops:
D:9 }

Annotations:
D:8 3 runed translucent doors, DOPEyDwarf's ghost, novice TrBe


Innate Abilities, Weirdness & Mutations

Your experience applies equally to all skills.
You have very sharp teeth.
Your uncanny sense of smell can sniff out nearby items.
Scrolls take you a little longer to read.
You are resistant to hostile enchantments. (MR+)
Your spells are a little harder to cast, but a little more powerful.


Message History

Something writhes in agony.
The orc priest mumbles some strange prayers to Beogh against you.
Beogh smites you!
You feel sick.
The orc priest miscasts a cantrip.
The orc priest calls down the wrath of Beogh upon you.
Beogh smites you!
* * * LOW HITPOINT WARNING * * *
You hear some strange, mumbled words.
A puff of flame appears from out of thin air!
The puff of flame misses you.
The orc priest mumbles some strange prayers to Beogh against you.
Beogh smites you!
* * * LOW HITPOINT WARNING * * *
Okay, then.
You feel sick.
A magic dart appears from out of thin air!
The magic dart hits you!
You die...
Your body crumbles into a pile of gold.

#....yo.##.#....#
#..>..o.....O.....
#...)....o##......
#......o#O#.......
#.......W.......##
########.#...##...
#....# #.#..## ##.
#....###.##.###
#......@....(...
#.....##########
#..<.## #....#
#....# ######


You could see a two-headed ogre, a wraith and an orc.

Vanquished Creatures
  A gargoyle (D:10)
  A troll (D:9)
  Prince Ribbit (D:8)
  Sigmund (D:6)
  A wyvern (D:8)
  4 hogs (D:7)
  A human (D:7)
  The ghost of DOPEyDwarf the Charlatan, an amateur DsAr (D:3)
  An orc warrior (D:6)
  5 ice beasts
  A necrophage (D:8)
  A phantom (D:5)
  An eye of draining (D:8)
  5 wolves (D:9)
  4 ogres
  4 centaurs
  5 bullfrogs
  3 scorpions
  4 killer bees (D:10)
  4 wights (D:4)
  An electric eel (D:9)
  2 howler monkeys
  4 crimson imps
  A bullfrog zombie (D:9)
  A centaur zombie (D:8)
  2 jellies
  A quasit (D:5)
  3 orc priests
  3 hounds
  An iguana (D:5)
  9 orc wizards
  6 worker ants
  A hound zombie (D:7)
  A hound skeleton (D:7)
  8 gnolls
  16 adders
  3 shadow imps
  4 oozes
  An adder skeleton (D:5)
  3 worms
  2 dart slugs (D:2)
  6 leopard geckos
  38 orcs
  A ball python (D:2)
  15 bats
  11 giant cockroaches
  6 goblins
  7 hobgoblins
  5 jackals
  4 quokkas
  7 frilled lizards
  A giant cockroach zombie (D:6)
  8 kobolds
  8 rats
239 creatures vanquished.

Vanquished Creatures (others)
  A killer bee (D:10)
  An adder (D:3)
  4 plants (D:8)
6 creatures vanquished.

Grand Total: 245 creatures vanquished

Notes
Turn   | Place    | Note
-------+----------+-------------------------------------------
     0 | D:1      | vishdafish the Gnoll Skald began the quest for the Orb.
     0 | D:1      | Reached XP level 1. HP: 20/20 MP: 6/6
    61 | D:1      | Reached XP level 2. HP: 25/26 MP: 7/7
   393 | D:1      | Reached XP level 3. HP: 31/31 MP: 9/9
   470 | D:1      | Reached skill level 5 in Spellcasting
   914 | D:2      | Reached skill level 1 in Invocations
   936 | D:2      | Reached skill level 1 in Short Blades
   936 | D:2      | Reached skill level 1 in Axes
   936 | D:2      | Reached skill level 1 in Maces & Flails
   936 | D:2      | Reached skill level 1 in Polearms
   936 | D:2      | Reached skill level 1 in Staves
   936 | D:2      | Reached skill level 1 in Slings
   936 | D:2      | Reached skill level 1 in Bows
   936 | D:2      | Reached skill level 1 in Crossbows
   936 | D:2      | Reached skill level 1 in Throwing
   936 | D:2      | Reached skill level 1 in Stealth
   936 | D:2      | Reached skill level 1 in Shields
   936 | D:2      | Reached skill level 1 in Unarmed Combat
   936 | D:2      | Reached skill level 1 in Evocations
   964 | D:2      | Reached XP level 4. HP: 36/38 MP: 11/11
  1227 | D:2      | Reached skill level 1 in Conjurations
  1227 | D:2      | Reached skill level 1 in Hexes
  1227 | D:2      | Reached skill level 1 in Summonings
  1227 | D:2      | Reached skill level 1 in Necromancy
  1227 | D:2      | Reached skill level 1 in Translocations
  1227 | D:2      | Reached skill level 1 in Transmutations
  1227 | D:2      | Reached skill level 1 in Fire Magic
  1227 | D:2      | Reached skill level 1 in Ice Magic
  1227 | D:2      | Reached skill level 1 in Air Magic
  1227 | D:2      | Reached skill level 1 in Earth Magic
  1227 | D:2      | Reached skill level 1 in Poison Magic
  1319 | D:2      | Reached XP level 5. HP: 23/43 MP: 7/12
  1700 | D:2      | Found an iron altar of Okawaru.
  1794 | D:2      | Found an opulent altar of Gozag.
  1798 | D:2      | Found a shimmering blue altar of Sif Muna.
  1826 | D:2      | Became a worshipper of Gozag Ym Sagoz the Greedy
  2139 | D:3      | Found a runed translucent door.
  2170 | D:3      | Noticed DOPEyDwarf's ghost (amateur DsAr)
  2832 | D:3      | Found a glowing golden altar of the Shining One.
  2841 | D:3      | Found a basalt altar of Yredelemnul.
  3029 | D:3      | Noticed a centaur
  3037 | D:3      | Killed a centaur
  3037 | D:3      | Reached XP level 6. HP: 37/50 MP: 14/14
  3189 | D:3      | Reached skill level 5 in Fighting
  3189 | D:3      | Reached skill level 5 in Long Blades
  3189 | D:3      | Reached skill level 5 in Dodging
  3231 | D:3      | Killed DOPEyDwarf's ghost
  3231 | D:3      | Reached XP level 7. HP: 27/56 MP: 8/15
  3258 | D:3      | Gained mutation: You occasionally shout uncontrollably at
                  | your foes. [potion of mutation]
  3258 | D:3      | Gained mutation: Your magical capacity is low. (-10% MP)
                  | [potion of mutation]
  3258 | D:3      | Gained mutation: You have a pair of small horns on your
                  | head. [potion of mutation]
  3259 | D:3      | Lost mutation: You have a pair of small horns on your head.
                  | [potion of mutation]
  3259 | D:3      | Lost mutation: Your magical capacity is low. (-10% MP)
                  | [potion of mutation]
  3259 | D:3      | Lost mutation: You occasionally shout uncontrollably at
                  | your foes. [potion of mutation]
  3259 | D:3      | Gained mutation: Scrolls take you a little longer to read.
                  | [potion of mutation]
  3259 | D:3      | Gained mutation: You are resistant to hostile enchantments.
                  | (MR+) [potion of mutation]
  3259 | D:3      | Gained mutation: Your spells are a little harder to cast,
                  | but a little more powerful. [potion of mutation]
  4327 | D:5      | Entered Level 5 of the Dungeon
  4690 | D:5      | Reached XP level 8. HP: 24/63 MP: 16/16
  6285 | D:6      | Found a white marble altar of Elyvilon.
  6287 | D:6      | Found a white marble altar of Elyvilon.
  6287 | D:6      | Found a sparkling altar of Nemelex Xobeh.
  6289 | D:6      | Found an iron altar of Okawaru.
  6289 | D:6      | Found a shimmering altar of Xom.
  6289 | D:6      | Found a hazy altar of Hepliaklqana.
  6289 | D:6      | Noticed Sigmund
  6303 | D:6      | Killed Sigmund
  6389 | D:6      | Reached XP level 9. HP: 56/69 MP: 18/18
  6963 | D:6      | Found an ornate altar of the Wu Jian Council.
  7935 | D:7      | Found a staircase to the Ecumenical Temple.
  7953 | D:7      | Reached skill level 5 in Armour
  8385 | D:7      | Reached skill level 5 in Invocations
  8425 | D:7      | Reached XP level 10. HP: 39/77 MP: 20/20
  8796 | D:8      | Learned a level 2 spell: Song of Slaying
  8799 | D:8      | Learned a level 2 spell: Shroud of Golubria
  8803 | D:8      | Learned a level 3 spell: Mephitic Cloud
  8964 | D:8      | Noticed Prince Ribbit
  8983 | D:8      | Found a runed translucent gate.
  8983 | D:8      | Found a runed translucent gate.
  8983 | D:8      | Found a runed translucent gate.
  8986 | D:8      | Killed Prince Ribbit
  9011 | D:8      | Noticed DOPEyDwarf's ghost (novice TrBe)
  9017 | D:8      | Noticed a ten-headed hydra
  9244 | D:8      | Reached skill level 5 in Short Blades
  9244 | D:8      | Reached skill level 5 in Axes
  9244 | D:8      | Reached skill level 5 in Maces & Flails
  9244 | D:8      | Reached skill level 5 in Polearms
  9244 | D:8      | Reached skill level 5 in Staves
  9244 | D:8      | Reached skill level 5 in Slings
  9244 | D:8      | Reached skill level 5 in Bows
  9244 | D:8      | Reached skill level 5 in Crossbows
  9244 | D:8      | Reached skill level 5 in Throwing
  9244 | D:8      | Reached skill level 5 in Stealth
  9244 | D:8      | Reached skill level 5 in Shields
  9244 | D:8      | Reached skill level 5 in Unarmed Combat
  9244 | D:8      | Reached skill level 5 in Evocations
  9436 | D:8      | Got an ichor-stained buckler
  9442 | D:8      | Identified the +1 buckler of Esomoull {Stlth+} (You found
                  | it on level 8 of the Dungeon)
  9464 | D:8      | Found a blossoming altar of Fedhas.
 10104 | D:9      | Found a staircase to the Lair.
 10646 | D:9      | Found Num Puing's Gadget Shop.
 10651 | D:9      | Bought a phial of floods for 440 gold pieces
 10651 | D:9      | Bought a wand of acid (11) for 330 gold pieces
 10791 | D:9      | Found a sacrificial altar of Ru.
 10791 | D:9      | Found a stormy altar of Qazlal.
 10993 | D:10     | Entered Level 10 of the Dungeon
 11000 | D:10     | Noticed a gargoyle
 11021 | D:10     | Killed a gargoyle
 11167 | D:10     | Noticed a two-headed ogre
 11178 | D:10     | Killed from afar by an orc wizard

Levels and vault maps discovered:
D:1:      dpeg_arrival_prison, layout_basic
D:2:      minmay_recursive_quarters, layout_rooms,
          minmay_overflow_temple_star_quad, serial_park_tiny_1
D:3:      layout_loops_ring, grunt_temple_overflow_holy_war,
          ebering_ghost_sewer_d, lemuel_old_faithful
D:4:      layout_rooms, first_ration
D:5:      layout_basic
D:6:      layout_basic, doesnt_xom_only_xom, kennysheep_mini_moat,
          mrwooster_statue_mirror, minmay_misc_feat_columns, uniq_sigmund
D:7:      layout_basic, minmay_temple_entry_glassed_door, grunt_livestock
D:8:      layout_cave_pools, fedhas_altar_1, gammafunk_ghost_hydra_chop,
          uniq_prince_ribbit1
D:9:      layout_small_grid, gammafunk_temple_overflow_elements,
          erik_lair_island, serial_shops, kennysheep_little_box
D:10:     layout_rooms, fungi_pond_lemuel, centaur_isle, uniq_josephine

Skill      XL: |  1  2  3  4  5  6  7  8  9 10 |
---------------+-------------------------------+-----
Spellcasting   | 5 6 7 |  7.5
Invocations    | 1 2 3 4 5 6 |  6.1
Short Blades   | 1 2 3 4 5 |  5.5
Axes           | 1 2 3 4 5 |  5.5
Maces & Flails | 1 2 3 4 5 |  5.5
Polearms       | 1 2 3 4 5 |  5.5
Staves         | 1 2 3 4 5 |  5.5
Slings         | 1 2 3 4 5 |  5.5
Bows           | 1 2 3 4 5 |  5.5
Crossbows      | 1 2 3 4 5 |  5.5
Throwing       | 1 2 3 4 5 |  5.5
Stealth        | 1 2 3 4 5 |  5.5
Shields        | 1 2 3 4 5 |  5.5
Unarmed Combat | 1 2 3 4 5 |  5.5
Evocations     | 1 2 3 4 5 |  5.5
Conjurations   | 1 2 3 4 |  4.5
Hexes          | 1 2 3 4 |  4.5
Summonings     | 1 2 3 4 |  4.5
Necromancy     | 1 2 3 4 |  4.5
Translocations | 1 2 3 4 |  4.5
Transmutations | 1 2 3 4 |  4.5
Fire Magic     | 1 2 3 4 |  4.5
Ice Magic      | 1 2 3 4 |  4.5
Air Magic      | 1 2 3 4 |  4.5
Earth Magic    | 1 2 3 4 |  4.5
Poison Magic   | 1 2 3 4 |  4.5
Armour         | 3 4 5 6 |  6.2
Fighting       | 5 6 7 |  7.3
Long Blades    | 5 6 7 |  7.3
Dodging        | 5 6 7 |  7.3
Charms         | 6 7 |  7.2

Action                   |  1- 3 |  4- 6 |  7- 9 | 10-12 || total
-------------------------+-------+-------+-------+-------++-------
Melee: Falchion          |    91 |    54 |       |       ||   145
       Bite              |    14 |    24 |    78 |    35 ||   151
       Short sword       |       |   181 |   534 |   245 ||   960
       Punch             |       |     1 |     6 |     2 ||     9
Throw: Dart              |       |       |       |     9 ||     9
 Cast: Infusion          |     1 |     4 |     3 |       ||     8
Evoke: Wand              |       |       |       |    12 ||    12
       Phial of floods   |       |       |       |     1 ||     1
  Use: Scroll            |       |     3 |     4 |     5 ||    12
       Potion            |       |       |     3 |       ||     3
 Stab: Sleeping          |       |     1 |     4 |     6 ||    11
       Distracted        |       |       |     4 |       ||     4
  Eat: Chunk             |       |     3 |       |       ||     3
       Ration            |       |     1 |     6 |     2 ||     9
Armor: Leather armour    |     9 |       |       |       ||     9
       Scale mail        |    24 |       |       |       ||    24
       Ring mail         |     9 |    61 |   154 |    43 ||   267
Dodge: Dodged            |    76 |   172 |   297 |   140 ||   685
Block: Buckler           |       |       |       |    41 ||    41
       Rpst.: Falchion   |    23 |    21 |       |       ||    44

Table legend:
 A = Non-vault XP
 B = Vault XP
 C = Vault XP percentage of total XP
 D = Non-vault monster count
 E = Vault monster count
 F = Vault count percentage of total count
                 A         B        C        D         E       F
            +---------+---------+-------+---------+---------+-------
      Total |    5708 |    2725 |  32.3 |     205 |      35 |  14.6
            +---------+---------+-------+---------+---------+-------
        D:1 |      43 |       9 |  17.3 |      15 |       5 |  25.0
        D:2 |     157 |      41 |  20.7 |      32 |      12 |  27.3
        D:3 |     179 |     289 |  61.8 |      23 |       4 |  14.8
        D:4 |     421 |       0 |   0.0 |      22 |       0 |   0.0
        D:5 |     979 |       0 |   0.0 |      24 |       0 |   0.0
        D:6 |     591 |     212 |  26.4 |      21 |       1 |   4.5
        D:7 |     864 |    1000 |  53.6 |      22 |       5 |  18.5
        D:8 |     939 |     264 |  21.9 |      17 |       1 |   5.6
        D:9 |     843 |     910 |  51.9 |      21 |       7 |  25.0
       D:10 |     692 |       0 |   0.0 |       8 |       0 |   0.0
            +---------+---------+-------+---------+---------+-------
